← All builds
Tech / Armada / Economy first / OBSERVED BUILD

Standard tech

Armada Tech (Eco) build order · Supreme Isthmus

Rushes T2 factory and T2 constructor to supply the team, upgrading mexes first and sending the first T2 constructor to Geo before scaling its own eco.

Usually first T2 con to Geo (82%)

#eco #t2 #team support · 1779 distinct matches · 271 players · 59% of Armada Tech games · team won 54% of 2103 · Recently observed

HOW TO PLAY IT

Key timing: T2 factory by 4:15

  1. Open 3 mex and heavy wind to fund a fast T2 rush.
  2. Put down Bot Lab, planning to eat it for reclaim soon after.
  3. Get Advanced Bot Lab up, hitting the T2 factory rush timing.
  4. Upgrade mex to Advanced Metal Extractor to lock in team metal income.
  5. Eat Advanced Bot Lab and keep sending cons to Geo and Pond.

Phase by phase

TYPICAL OF ITS 1779 GAMES
  1. 1
  2. 2
  3. 3
  4. 4
PLAY THE OPENING

Follow the example game's first 6:00 step by step: what to build now, what comes next, and where it goes. At 1× it keeps pace with your own game.

  1. 1

    Up to the Bot Lab

    Economy
    • Metal Extractor3Mex
    • Wind Turbine4Wind
    Order
    1. Bot LabBot Lab after 3 mex, 4 winddone ~1:18, middle half 1:13–1:32

    Some games also: energy storage (32%)

    By 1:01 in all: 3 mex · 4 wind

    The example game in this phase · 3 steps
    1. Mex ×3
    2. Wind ×3
    3. Bot LabBot Labdone 1:17 · typical 1:18
  2. 2

    Bot Lab to Advanced Bot Lab

    Economy
    • Metal Extractor1Mex
    • Wind Turbine8Wind
    • Energy Storage1Energy storage
    Order
    1. Advanced Bot LabAdvanced Bot Lab after 4 mex, 12 wind, 3 con turretdone ~4:16, middle half 4:04–4:30
    Builders
    • Construction Turret3 Con turret
    • Lazarus3 Lazarus
    • Construction Bot2 Con bot
    • Construction Bot1 Con bot for allies

    Some games also: converter (36%)

    By 3:18 in all: 4 mex · 12 wind · 1 energy storage · 3 con turret

    The example game in this phase · 11 steps
    1. Wind
    2. LazarusLazarus
    3. Wind
    4. Solar
    5. Construction BotCon botfor Air
    6. Construction BotCon bot
    7. Mex
    8. LazarusLazarus
    9. Wind ×3
    10. Energy storage
    11. Advanced Bot LabAdvanced Bot Labdone 4:07 · typical 4:16
  3. 3

    Advanced Bot Lab to 5:00

    Economy
    • Wind Turbine3Wind
    Order
    1. Bot LabEat Bot Lab
    Builders
    • Advanced Construction Bot1 T2 con bot for allies

    Some games also: converter (35%)

    By 5:00 in all: 4 mex · 15 wind · 1 converter · 1 energy storage · 3 con turret

    The example game in this phase · 4 steps
    1. Bot LabEat Bot Labreclaimed for its metal
    2. Wind ×2
    3. Advanced Construction BotT2 con bot ×2for Geo
    4. SharpshooterSniper botfor Ponddone 5:09
  4. 4

    5:00 to 10:00

    Economy
    • Wind Turbine43Wind
    • Energy Converter6Converter
    Builders
    • Butler9 Butler
    • Advanced Construction Bot4 T2 con bot for allies
    • Advanced Construction Bot1 T2 con bot

    Some games also: con turret (42%) · Butler for allies (36%)

    By 10:00 in all: 4 mex · 59 wind · 8 converter · 1 energy storage · 3 con turret

    The example game in this phase · 110 steps
    1. SharpshooterSniper botfor Pond
    2. SmugglerJammer bot ×2for Pond
    3. Advanced Construction BotT2 con botfor Geo sea
    4. Wind ×4
    5. ButlerButler
    6. Advanced Metal ExtractorT2 mexdone 7:00 · typical 5:28
    7. ButlerButlerfor Beach sea
    8. Advanced Construction BotT2 con botfor Beach sea
    9. Wind ×2
    10. Converter
    11. Wind
    12. Advanced Metal ExtractorT2 mex
    13. ButlerButlerfor Geo sea
    14. Advanced Construction BotT2 con botfor Pond
    15. Wind ×3
    16. ButlerButler
    17. Wind
    18. Advanced Metal ExtractorT2 mex ×2
    19. Wind
    20. ButlerButler ×4
    21. Wind
    22. ButlerButler
    23. Wind ×2
    24. ButlerButler
    25. Wind ×4
    26. ButlerButler
    27. Aircraft PlantAircraft Plantdone 10:46
    28. Wind ×5
    29. ButlerButler
    30. FalconFighter
    31. Wind ×3
    32. FalconFighter
    33. Wind
    34. ChainsawChainsaw
    35. FalconFighter
    36. Wind ×3
    37. FalconFighter ×5
    38. Wind
    39. FalconFighterfor Air
    40. FalconFighter ×3
    41. Wind
    42. FalconFighter ×2for Air
    43. Wind ×2
    44. FalconFighter ×2for Air
    45. Wind ×3
    46. FalconFighterfor Air
    47. ButlerButler
    48. Wind
    49. FalconFighterfor Air
    50. Wind ×2
    51. FalconFighterfor Air
    52. Wind
    53. FalconFighter
    54. Wind ×2
    55. BlinkScout plane
    56. Wind ×2
    57. BlinkScout plane
    58. Wind
    59. ButlerButler
    60. Wind ×2
    61. BlinkScout plane
    62. Wind ×3
    63. BlinkScout plane
    64. Wind ×5
    65. BlinkScout plane
    66. Wind ×2
    67. ButlerButler
    68. Wind ×7
    69. ButlerButler
    70. Wind ×6
    71. ButlerButler
    72. Wind ×7
    73. ButlerButler
    74. Wind ×12
    75. ButlerButler
    76. Wind ×3
    77. Aircraft PlantEat Aircraft Plantreclaimed for its metal
    78. Wind ×3
    79. ButlerButler
    80. Wind
    81. Converter
    82. Wind ×7
    83. ButlerButler
    84. Wind ×2
    85. Converter
    86. Wind ×3
    87. Converter
    88. Wind ×3
    89. UmbrellaAnti-nukenot finished by 15:00
    90. Converter
    91. Wind ×3
    92. Converter
    93. Wind ×2
    94. Con turret
    95. Wind ×3
    96. Converter ×2
    97. Wind ×7
    98. Converter ×2
    99. Wind ×6
    100. Con turret
    101. Wind ×3
    102. Converter ×2
    103. Wind ×6
    104. Converter ×2
    105. Con turret
    106. Wind ×6
    107. Converter ×2
    108. Wind ×2
    109. Con turret
    110. Wind

Counts are medians over the build's games: half of them build more, half fewer. The example game is SkyFireEX's (42 OS, 15/10/2026); pick another.

Team trades

IN AT LEAST 30% OF ITS GAMES

You hand over

  • Construction Bot1 Con bot to Airfirst at 2:23 · in 83% of games
  • Advanced Construction Bot5 T2 con bot to Air or Pond or Geo seafirst at 4:51 · in 99% of games
  • Butler2 Butler to Geo sea or Beach sea or Pondfirst at 9:06 · in 42% of games

You get

  • Hercules1 Light transport from Airfirst at 4:01 · in 86% of games

How it plays out

Typical game of this build, running totals by minute

Metal produced

020k40k
0:005:0010:0015:00

metal

Enemy metal destroyed

050100
0:005:0010:0015:00

metal

Own metal lost

050100150
0:005:0010:0015:00

metal

2103 games.

Show as table
ByMetal produced: This buildEnemy metal destroyed: This buildOwn metal lost: This build
1:0038300
2:0091500
3:00165500
4:00314800
5:00484700
6:00580500
7:00724700
8:00908400
9:001121800
10:001354500
11:001626000
12:001967800
13:002346800
14:0027372074
15:003159093130
WHAT THE NUMBERS SAY

Standard Tech play barely fights at all early, instead pouring metal into T2 infrastructure and constructors for the team.

  • + Metal produced hits 31679 by 15:00, by far the highest of any role here.
  • + T2 factory reached in 97% of games by 4:15, fastest and most reliable T2 timing.
  • − Enemy metal destroyed stays at 0 through 10:00, no early offense at all.
  • − Own metal lost also near 0, showing total avoidance of combat risk.
THE EXAMPLE YOU ARE READING

SkyFireEX

41.6 OS · 15/10/2026

Open source match ↗

7 received units
2421 metal received · 76081 energy received

Allied construction assistance is unknown. Timings are observations, not a promise of solo reproducibility.

Typical milestones

Bot Lab1:18Middle 50%: 1:13–1:32 · n=2103
Advanced Bot Lab4:16Middle 50%: 4:04–4:30 · n=2096
Advanced Metal Extractor5:28Middle 50%: 5:05–5:58 · n=2099

Played most by

Amrissa97games of this buildTheGeneraI70games of this buildAdeus62games of this buildUncle_Cane60games of this buildCrouxy54games of this build